SL
CAPITAL DISTRICT RED KNIGHTS @ TOLEDO TITANS
09/21/2022
 
TOP OF THE 1ST
Capital District Red Knights batting - Pitching for Toledo Titans : LHP Jeff Hale
Pitching: LHP Jeff Hale
Batting: RHB Daniel Lallanilla 0-0: Swinging Strike
0-1: Called Strike
0-2: Strikes out looking
Batting: RHB Lane Rich 0-0: Called Strike
0-1: Ball
1-1: Ground out U3 (Groundball, 3S)
Batting: SHB Joreão Canosa 0-0: Called Strike
0-1: Ball
1-1: Called Strike
1-2: Ball
2-2: Strikes out swinging
Top of the 1st over - 0 run(s), 0 hit(s), 0 error(s), 0 left on base; Capital District 0 - Toledo 0
BOTTOM OF THE 1ST
Toledo Titans batting - Pitching for Capital District Red Knights : LHP John Holley
Pitching: LHP John Holley
Batting: RHB Anthony Johnston 0-0: Called Strike
0-1: Ball
1-1: Swinging Strike
1-2: Foul Ball, location: 2F
1-2: Strikes out looking
Batting: LHB Tony Dyer 0-0: Ball
1-0: Ground out 3-1 (Groundball, 3)
Batting: LHB Roberto Rodríguez 0-0: Ball
1-0: Called Strike
1-1: Swinging Strike
1-2: Strikes out swinging
Bottom of the 1st over - 0 run(s), 0 hit(s), 0 error(s), 0 left on base; Capital District 0 - Toledo 0
TOP OF THE 2ND
Capital District Red Knights batting - Pitching for Toledo Titans : LHP Jeff Hale
Batting: RHB Tom Christensen 0-0: Swinging Strike
0-1: Foul Ball, location: 2F
0-2: Ball
1-2: Foul Ball, location: 2F
1-2: Strikes out looking
Batting: LHB Stan Lewis 0-0: Ball
1-0: Foul Ball, location: 2F
1-1: Ground out 4-3 (Groundball, 4)
Batting: RHB Ricardo Romo 0-0: Foul Ball, location: 2F
0-1: Ball
1-1: Ball
2-1: Foul Ball, location: 2F
2-2: Ball
3-2: Strikes out swinging
Top of the 2nd over - 0 run(s), 0 hit(s), 0 error(s), 0 left on base; Capital District 0 - Toledo 0
BOTTOM OF THE 2ND
Toledo Titans batting - Pitching for Capital District Red Knights : LHP John Holley
Batting: LHB Yannick Hendriksen 0-0: Ball
1-0: Swinging Strike
1-1: Swinging Strike
1-2: Fly out, F5 (Popup, 5F)
Batting: RHB Juan Orozco 0-0: Fly out, F9 (Flyball, 9LS)
Batting: RHB Kade Knowles 0-0: Ball
1-0: Fly out, F7 (Line Drive, 78M)
Bottom of the 2nd over - 0 run(s), 0 hit(s), 0 error(s), 0 left on base; Capital District 0 - Toledo 0
TOP OF THE 3RD
Capital District Red Knights batting - Pitching for Toledo Titans : LHP Jeff Hale
Batting: RHB Manny Carbajal 0-0: Foul Ball, location: 2F
0-1: Foul Ball, location: 2F
0-2: Strikes out looking
Batting: RHB Chang-bum Pak 0-0: Called Strike
0-1: Ground out 5-3 (Groundball, 5S)
Batting: RHB Jason Weston 0-0: Swinging Strike
0-1: Swinging Strike
0-2: Ball
1-2: Strikes out looking
Top of the 3rd over - 0 run(s), 0 hit(s), 0 error(s), 0 left on base; Capital District 0 - Toledo 0
BOTTOM OF THE 3RD
Toledo Titans batting - Pitching for Capital District Red Knights : LHP John Holley
Batting: LHB Ismael Cabrera 0-0: Ground out 3-1 (Groundball, 3D)
Batting: RHB Edmund Gallagher Single, Error in OF, E7, batter to second base
Batting: LHB Chris West 0-0: Ball
1-0: Fly out, F8 (Flyball, 8LM)
Batting: RHB Anthony Johnston 0-0: Ground out 5-3 (Groundball, 56)
Bottom of the 3rd over - 0 run(s), 1 hit(s), 1 error(s), 1 left on base; Capital District 0 - Toledo 0
TOP OF THE 4TH
Capital District Red Knights batting - Pitching for Toledo Titans : LHP Jeff Hale
Batting: RHB Daniel Lallanilla 0-0: Fly out, F6 (Popup, 6D)
Batting: RHB Lane Rich 0-0: Ball
1-0: Bunted foul
1-1: Ball
2-1: Ball
3-1: Foul Ball, location: 2F
3-2: SINGLE (Flyball, 3D)
Batting: SHB Joreão Canosa 0-0: Called Strike
0-1: Foul Ball, location: 2F
0-2: SINGLE (Groundball, 56D)
Lane Rich to second
Batting: RHB Tom Christensen 0-0: Ball
1-0: Ball
2-0: Ball
3-0: Called Strike
3-1: Foul Ball, location: 2F
3-2: Strikes out swinging
Batting: LHB Stan Lewis 0-0: Ball
1-0: Foul Ball, location: 2F
1-1: Ball
2-1: Ground out 3-1 (Groundball, 34)
Top of the 4th over - 0 run(s), 2 hit(s), 0 error(s), 2 left on base; Capital District 0 - Toledo 0
BOTTOM OF THE 4TH
Toledo Titans batting - Pitching for Capital District Red Knights : LHP John Holley
Batting: LHB Tony Dyer 0-0: Called Strike
0-1: Ball
1-1: Ball
2-1: Called Strike
2-2: Strikes out swinging
Batting: LHB Roberto Rodríguez 0-0: Ball
1-0: Swinging Strike
1-1: Foul Ball, location: 2F
1-2: Fly out, F8 (Flyball, 8LD)
Batting: LHB Yannick Hendriksen 0-0: Foul Ball, location: 2F
0-1: Fly out, F8 (Flyball, 89XD)
Bottom of the 4th over - 0 run(s), 0 hit(s), 0 error(s), 0 left on base; Capital District 0 - Toledo 0
TOP OF THE 5TH
Capital District Red Knights batting - Pitching for Toledo Titans : LHP Jeff Hale
Batting: RHB Ricardo Romo 0-0: Ball
1-0: Called Strike
1-1: Ball
2-1: Fly out, F7 (Line Drive, 78D)
Batting: RHB Manny Carbajal 0-0: Ball
1-0: Foul Ball, location: 2F
1-1: Swinging Strike
1-2: Ground out 1-3 (Groundball, 15)
Batting: RHB Chang-bum Pak 0-0: Fly out, F8 (Flyball, 8LD)
Top of the 5th over - 0 run(s), 0 hit(s), 0 error(s), 0 left on base; Capital District 0 - Toledo 0
BOTTOM OF THE 5TH
Toledo Titans batting - Pitching for Capital District Red Knights : LHP John Holley
Batting: RHB Juan Orozco 0-0: Ground out 5-3 (Groundball, 56)
Batting: RHB Kade Knowles 0-0: Ball
1-0: Ball
2-0: Ball
3-0: Base on Balls
Batting: LHB Ismael Cabrera 0-0: Swinging Strike
0-1: Foul Ball, location: 2F
0-2: Ball
1-2: SINGLE (Flyball, 8RS)
Kade Knowles to second
Runner from 2nd tries for 3rd, SAFE, throw made to third
Batting: RHB Edmund Gallagher 0-0: Ball
Ismael Cabrera steals 2nd base
1-0: Ball
2-0: Ball
3-0: Foul Ball, location: 2F
3-1: Base on Balls
Batting: LHB Chris West 0-0: Called Strike
0-1: Swinging Strike
0-2: Ball
1-2: Grounds into double play, 4-6-3 (Groundball, 4M)
Bottom of the 5th over - 0 run(s), 1 hit(s), 0 error(s), 2 left on base; Capital District 0 - Toledo 0
TOP OF THE 6TH
Capital District Red Knights batting - Pitching for Toledo Titans : LHP Jeff Hale
Batting: RHB Jason Weston 0-0: Ball
1-0: Ball
2-0: Ball
3-0: Called Strike
3-1: Base on Balls
Batting: RHB Daniel Lallanilla 0-0: Ball
1-0: Sac Bunt - play at first, batter OUT! 1-4
Jason Weston to second
Batting: RHB Lane Rich 0-0: Ground out 4-3 (Groundball, 34)
Jason Weston to third
Batting: SHB Joreão Canosa 0-0: DOUBLE (Groundball, 5L)
Jason Weston scores
Batting: RHB Tom Christensen 0-0: Ball
1-0: Ball
2-0: Ball
3-0: Called Strike
3-1: Called Strike
3-2: Foul Ball, location: 2F
3-2: Foul Ball, location: 2F
3-2: Base on Balls
Batting: LHB Stan Lewis 0-0: Ball
1-0: Foul Ball, location: 2F
1-1: Foul Ball, location: 2F
1-2: Foul Ball, location: 2F
1-2: Ball
2-2: 3-RUN HOME RUN (Flyball, 89XD), Distance : 440 ft
Batting: RHB Ricardo Romo 0-0: Called Strike
0-1: Ball
1-1: Reached on Error, E5 (Popup, 56S)
Batting: RHB Manny Carbajal 0-0: Ball
1-0: Ball
2-0: Fielders Choice at 2nd, 5-4 (Groundball, 56)
Top of the 6th over - 4 run(s), 2 hit(s), 1 error(s), 0 left on base; Capital District 4 - Toledo 0
BOTTOM OF THE 6TH
Toledo Titans batting - Pitching for Capital District Red Knights : LHP John Holley
Batting: RHB Anthony Johnston 0-0: Ball
1-0: Fly out, F8 (Flyball, 8RD)
Batting: LHB Tony Dyer 0-0: Called Strike
0-1: Called Strike
0-2: Ball
1-2: Ball
2-2: Foul Ball, location: 2F
2-2: SINGLE (Groundball, 34D)
Batting: LHB Roberto Rodríguez 0-0: Ball
1-0: Foul Ball, location: 2F
1-1: Foul Ball, location: 2F
1-2: Ball
2-2: Grounds out, U3 (Groundball, 3L)
Batting: LHB Yannick Hendriksen 0-0: SINGLE (Groundball, 56)
Tony Dyer to third
Runner from 3rd tries for Home, SAFE, no throw or cutoff
Batting: RHB Juan Orozco 0-0: Called Strike
0-1: Ball
1-1: Ball
2-1: Ground out 2-3 (Groundball, 2R)
Bottom of the 6th over - 1 run(s), 2 hit(s), 0 error(s), 1 left on base; Capital District 4 - Toledo 1
TOP OF THE 7TH
Capital District Red Knights batting - Pitching for Toledo Titans : LHP Jeff Hale
Batting: RHB Chang-bum Pak 0-0: Ball
1-0: Fly out, F3 (Popup, 23F)
Batting: RHB Jason Weston 0-0: Ball
1-0: Ball
2-0: Foul Ball, location: 2F
2-1: Ball
3-1: Fly out, F4 (Popup, 34)
Batting: RHB Daniel Lallanilla 0-0: Ball
1-0: Called Strike
1-1: Called Strike
1-2: Foul Ball, location: 2F
1-2: Ball
2-2: SINGLE (Line Drive, 6)
Batting: RHB Lane Rich 0-0: Ball
1-0: Ground out 6-3 (Groundball, 6)
Top of the 7th over - 0 run(s), 1 hit(s), 0 error(s), 1 left on base; Capital District 4 - Toledo 1
BOTTOM OF THE 7TH
Toledo Titans batting - Pitching for Capital District Red Knights : LHP John Holley
Batting: RHB Kade Knowles 0-0: Ball
1-0: SINGLE (Flyball, 89S)
Batting: LHB Ismael Cabrera 0-0: Bunted foul
0-1: Bunted foul
0-2: Ground out 3-1 (Groundball, 34S)
Kade Knowles to second
Batting: RHB Edmund Gallagher 0-0: Ball
1-0: Called Strike
1-1: Ground out 5-3 (Groundball, 56)
Batting: LHB Chris West 0-0: Called Strike
0-1: Ball
1-1: Ball
2-1: Fly out, F8 (Line Drive, 8LM)
Bottom of the 7th over - 0 run(s), 1 hit(s), 0 error(s), 1 left on base; Capital District 4 - Toledo 1
TOP OF THE 8TH
Capital District Red Knights batting - Pitching for Toledo Titans : LHP Jeff Hale
Batting: SHB Joreão Canosa 0-0: Ball
1-0: SINGLE (Groundball, 5D)
Batting: RHB Tom Christensen 0-0: Swinging Strike
0-1: Swinging Strike
0-2: Fly out, F9 (Flyball, 9M)
Batting: LHB Stan Lewis 0-0: Ball
1-0: Fly out, F8 (Line Drive, 8LS)
Batting: RHB Ricardo Romo 0-0: Ball
1-0: Called Strike
1-1: Swinging Strike
1-2: Strikes out looking
Top of the 8th over - 0 run(s), 1 hit(s), 0 error(s), 1 left on base; Capital District 4 - Toledo 1
BOTTOM OF THE 8TH
Toledo Titans batting - Pitching for Capital District Red Knights : LHP John Holley
Batting: RHB Anthony Johnston 0-0: Ball
1-0: Swinging Strike
1-1: Ground out 6-3 (Groundball, 6M)
Batting: LHB Tony Dyer 0-0: Called Strike
0-1: Ball
1-1: Ball
2-1: Ground out 1-3 (Groundball, 25)
Batting: LHB Roberto Rodríguez 0-0: Ball
1-0: Ball
2-0: Foul Ball, location: 2F
2-1: Ball
3-1: Base on Balls
Batting: LHB Yannick Hendriksen 0-0: Ball
1-0: Called Strike
1-1: Foul Ball, location: 2F
1-2: Foul Ball, location: 2F
1-2: Fly out, F7 (Flyball, 7LM)
Bottom of the 8th over - 0 run(s), 0 hit(s), 0 error(s), 1 left on base; Capital District 4 - Toledo 1
TOP OF THE 9TH
Capital District Red Knights batting - Pitching for Toledo Titans : LHP Jeff Hale
Batting: RHB Manny Carbajal 0-0: Ball
1-0: Called Strike
1-1: Ball
2-1: Ball
3-1: Called Strike
3-2: Fly out, F7 (Line Drive, 7M)
Batting: RHB Chang-bum Pak 0-0: Called Strike
0-1: Ball
1-1: Ball
2-1: Foul Ball, location: 2F
2-2: Strikes out swinging
Batting: RHB Jason Weston 0-0: Ball
1-0: Called Strike
1-1: Ball
2-1: Fly out, F8 (Flyball, 8RM)
Top of the 9th over - 0 run(s), 0 hit(s), 0 error(s), 0 left on base; Capital District 4 - Toledo 1
BOTTOM OF THE 9TH
Toledo Titans batting - Pitching for Capital District Red Knights : LHP John Holley
Batting: RHB Juan Orozco 0-0: SINGLE (Groundball, 56D)
Pitching: RHP Richard Brown
Batting: RHB Kade Knowles 0-0: Ball
1-0: Foul Ball, location: 2F
1-1: Ball
2-1: Swinging Strike
2-2: Ball
3-2: Base on Balls
Juan Orozco to second
Pitching: LHP César Valdéz
Pinch Hitting: RHB Juan Ramos 0-0: Ball
1-0: Foul Ball, location: 2F
1-1: Ball
2-1: Ball
3-1: Swinging Strike
3-2: Foul Ball, location: 2F
3-2: Base on Balls
Juan Orozco to third
Kade Knowles to second
Batting: RHB Edmund Gallagher 0-0: Called Strike
0-1: Ball
1-1: Ball
2-1: Ball
3-1: Base on Balls
Juan Orozco scores
Kade Knowles to third
Juan Ramos to second
Batting: LHB Chris West 0-0: Ball
1-0: Ball
2-0: Fly out, F5 (Popup, 25F)
Batting: RHB Anthony Johnston 0-0: Grounds into double play, 5-4-3 (Groundball, 5)
Bottom of the 9th over - 1 run(s), 1 hit(s), 0 error(s), 2 left on base; Capital District 4 - Toledo 2
This league is powered by Out of the Park Baseball, the baseball management simulation game for PC, Mac and Linux
Friday, April 15th, 2016 - OOTP Baseball 16.9 Build 39